Blues vs Canadiens
Created - May 2, 2017 at 19:10
Goals
|
| Blues |
0 |
0 |
3 |
1 |
4 |
| Canadiens |
0 |
1 |
2 |
0 |
3 |
|
Shots
|
| Blues |
16 |
10 |
10 |
2 |
38 |
| Canadiens |
7 |
4 |
9 |
0 |
20 |
|
1st period
No Goal
Penalties :
Jay McKee (Mon) for Hooking (Minor) at 1:00, Dustin Boyd (Mon) for Hooking (Minor) at 12:12
2nd period
1. Canadiens , Greg Stewart 22 (Evgeny Dadonov 10, Andrei Loktionov 33) at 17:05
Penalties :
Nik Antropov (STL) for Hooking (Minor) at 1:18, Dustin Boyd (Mon) for Holding (Minor) at 18:54
3rd period
2. Canadiens , Andrei Loktionov 24 (Evgeny Dadonov 11, Jiri Tlusty 8) at 1:06
3. Blues , Joe Pavelski 30 (Alex Pietrangelo 71, Nicklas Backstrom 57) at 1:58 (PP)
4. Blues , Nik Antropov 18 (Drew Stafford 17, Drew Fata 15) at 2:56
5. Canadiens , Greg Stewart 23 (Stephane Robidas 20, Dustin Boyd 26) at 10:20 (PP)
6. Blues , Bryce Lampman 2 (Alex Pietrangelo 72, Tuukka Rask) at 19:40 (PP)
Penalties :
Jonas Hoglund (Mon) for Hooking (Minor) at 1:30, Patrick Sharp (Mon) for Hooking (Minor) at 3:01, Drew Stafford (STL) for High sticking (Minor) at 6:05, Nik Antropov (STL) for Tripping (Minor) at 9:19, Dennis Wideman (Mon) for Cross-checking (Minor) at 19:31
Overtime #1
7. Blues , Nicklas Backstrom 39 (Alex Pietrangelo 73, Bryce Lampman 16) at 1:54
Penalties :
No Penalty
Goalie Stats
Tuukka Rask (STL), 17 saves from 20 shots - (0.850), W, 29-19-7, 61:54 minutes
Jonathan Bernier (Mon), 34 saves from 38 shots - (0.895), OTL, 26-22-8, 61:54 minutes
Players Stats for Blues
Player Name G A P +/- PIM S H SB GA TA FO MP PP MP PK MP
------------------------------------------------------------------------------------
Alex Pietrangelo 0 3 3 1 0 3 0 2 2 0 0/0 28:54 5:52 0:00
Bryce Lampman 1 1 2 1 0 3 2 0 0 0 0/0 27:43 5:52 1:52
Christian Ehrhoff 0 0 0 -1 0 1 1 2 0 0 0/0 17:15 2:41 2:25
Cody Franson 0 0 0 -1 0 1 0 2 0 0 0/0 19:18 2:41 2:16
David Perron 0 0 0 0 0 1 1 0 1 0 1/4 23:19 5:54 0:15
Drew Fata 0 1 1 0 0 0 0 0 0 0 0/0 18:30 0:00 2:38
Drew Stafford 0 1 1 1 2 3 2 1 0 0 0/0 14:22 2:39 0:00
Joe Corvo 0 0 0 0 0 0 0 1 0 0 0/0 12:08 0:00 0:47
Joe Pavelski 1 0 1 0 0 5 0 2 1 0 1/3 21:56 5:54 0:00
Kevin Porter 0 0 0 -1 0 0 0 0 0 0 2/2 7:36 0:00 1:22
Nicklas Backstrom 1 1 2 1 0 4 2 0 1 1 17/34 24:16 5:54 1:51
Nik Antropov 1 0 1 1 4 2 0 1 0 1 8/10 12:49 0:00 0:49
Paul Kariya 0 0 0 -1 0 2 0 0 0 0 0/0 6:06 0:00 0:00
Sergei Shirokov 0 0 0 -1 0 2 4 2 0 0 1/1 13:07 0:00 0:00
Taylor Hall 0 0 0 0 0 2 0 1 0 0 1/1 17:22 2:39 1:56
Taylor Pyatt 0 0 0 1 0 6 0 0 0 0 0/1 14:28 0:00 2:48
Tomas Kopecky 0 0 0 -1 0 1 0 0 0 0 0/0 6:31 0:00 0:00
Travis Zajac 0 0 0 -1 0 2 1 0 0 0 5/13 16:54 2:39 0:57
Players Stats for Canadiens
Player Name G A P +/- PIM S H SB GA TA FO MP PP MP PK MP
------------------------------------------------------------------------------------
Andrei Loktionov 1 1 2 1 0 2 1 0 0 0 5/11 13:12 0:21 0:00
Brett Maclean 0 0 0 0 0 0 0 0 0 1 0/1 8:04 0:00 1:49
Dennis Wideman 0 0 0 0 2 0 1 2 0 1 0/0 30:02 3:02 5:10
Devin Setoguchi 0 0 0 0 0 1 0 0 0 0 0/0 20:20 2:32 2:10
Dustin Boyd 0 1 1 0 4 3 1 0 0 1 6/11 16:28 2:11 0:35
Evgeny Dadonov 0 2 2 1 0 0 2 0 0 0 1/1 14:20 0:16 1:14
Greg Stewart 2 0 2 -1 0 5 4 0 0 0 1/1 22:38 2:11 5:09
Jay McKee 0 0 0 0 2 0 2 0 0 0 0/0 11:48 0:00 0:00
Jiri Tlusty 0 1 1 1 0 1 0 0 0 0 0/0 12:18 0:09 0:00
Jonas Hoglund 0 0 0 0 2 1 2 1 0 0 0/0 16:26 2:11 0:00
Ladislav Smid 0 0 0 0 0 0 2 1 1 0 0/0 28:18 3:02 5:19
Martin Hanzal 0 0 0 0 0 1 0 0 0 0 0/1 5:55 0:00 0:00
Matt Carle 0 0 0 0 0 1 1 0 0 0 0/0 10:58 0:00 0:09
Patrick Sharp 0 0 0 -1 2 2 2 0 0 1 4/10 25:51 2:34 3:59
Stephane Robidas 0 1 1 0 0 1 0 1 1 0 0/0 19:59 1:57 3:14
Tomas Plekanec 0 0 0 0 0 2 4 1 0 0 16/33 19:33 2:32 2:10
Torey Krug 0 0 0 0 0 0 0 0 0 0 0/0 2:48 0:00 0:00
Wade Redden 0 0 0 0 0 0 0 0 0 1 0/0 19:59 1:57 3:14
3 Stars
1 - Greg Stewart (Mon)
2 - Nicklas Backstrom (STL)
3 - Bryce Lampman (STL)
Power Play
Blues - 2 on 6 Attempt(s) - 33.33%
Canadiens - 1 on 3 Attempt(s) - 33.33%
Penalty Kill
Blues - 2 on 3 Attempt(s) - 66.67%
- Score 0 goal in Penalty Kill
Canadiens - 4 on 6 Attempt(s) - 66.67%
- Score 0 goal in Penalty Kill
Team Stat
Blues - Hits : 13 - Faceoff Wins : 36 - Blocked Shots : 14 - Penalty Minutes : 6
Canadiens - Hits : 22 - Faceoff Wins : 33 - Blocked Shots : 6 - Penalty Minutes : 12
Official
Referees : StPierre Justin and Peel Tim
Linesman : Mark Pare and Lonnie Cameron
Game Notes
No Game Note
Finance
Level 1 -- Attendance: 4488 (74.80%) -- Ticket Income $385,968
Level 2 -- Attendance: 4327 (86.54%) -- Ticket Income $216,350
Level 3 -- Attendance: 1722 (86.10%) -- Ticket Income $53,382
Level 4 -- Attendance: 3010 (75.25%) -- Ticket Income $66,220
Luxury Box -- Attendance: 817 (81.70%) -- Ticket Income $134,805
Game was played at the Centre Bell.
Total Attendance: 14364 (79.80%)
Total Ticket Income: $856,725
Other Income: $128,509
Total Income: $985,234
Blues
5 vs 5 Forward
Center Left Wing Right Wing Time % Phy DF OF
1 Nicklas Backstrom David Perron Joe Pavelski 40 1 2 2
2 Travis Zajac Taylor Hall Sergei Shirokov 30 1 2 2
3 Nik Antropov Taylor Pyatt Drew Stafford 20 1 2 2
4 Kevin Porter Paul Kariya Tomas Kopecky 10 1 2 2
5 vs 5 Defense
Defense Defense Time % Phy DF OF
1 Bryce Lampman Alex Pietrangelo 40 1 2 2
2 Drew Fata Cody Franson 30 1 2 2
3 Christian Ehrhoff Joe Corvo 20 1 2 2
4 Alex Pietrangelo Drew Fata 10 1 2 2
PowerPlay Forward
Center Left Wing Right Wing Time % Phy DF OF
1 Nicklas Backstrom David Perron Joe Pavelski 60 1 2 2
2 Travis Zajac Taylor Hall Drew Stafford 40 1 2 2
PowerPlay Defense
Defense Defense Time % Phy DF OF
1 Bryce Lampman Alex Pietrangelo 60 1 2 2
2 Cody Franson Christian Ehrhoff 40 1 2 2
Penalty Kill 4 Players Forward
Center Wing Time % Phy DF OF
1 Nik Antropov Taylor Pyatt 60 1 2 2
2 Travis Zajac Drew Stafford 40 1 2 2
Penalty Kill 4 Players Defense
Defense Defense Time % Phy DF OF
1 Drew Fata Bryce Lampman 60 1 2 2
2 Cody Franson Christian Ehrhoff 40 1 2 2
Penalty Kill - 3 Players Forward
Forward Time % Phy DF OF
1 Nik Antropov 60 1 2 2
2 Taylor Pyatt 40 1 2 2
Penalty Kill - 3 Players Defense
Defense Defense Time % Phy DF OF
1 Christian Ehrhoff Drew Fata 60 1 2 2
2 Bryce Lampman Cody Franson 40 1 2 2
4 vs 4 Forward
Center Wing Time % Phy DF OF
1 Travis Zajac David Perron 60 1 2 2
2 Nicklas Backstrom Taylor Hall 40 1 2 2
4 vs 4 Defense
Defense Defense Time % Phy DF OF
1 Bryce Lampman Alex Pietrangelo 60 1 2 2
2 Drew Fata Cody Franson 40 1 2 2
Last Minutes Offensive
Center Left Wing Right Wing Defense Defense
Nicklas Backstrom David Perron Joe Pavelski Christian Ehrhoff Alex Pietrangelo
Last Minutes Defensive
Center Left Wing Right Wing Defense Defense
Nik Antropov David Perron Drew Stafford Bryce Lampman Drew Fata
Goaltenders
Starting : Tuukka Rask
Backup : Jeff Deslauriers
Extra Forwards
Normal : Travis Zajac, Sergei Shirokov, Tomas Kopecky - PP : Paul Kariya, David Perron - PK : Taylor Pyatt
Extra Defensemen
Normal : Joe Corvo, Cody Franson, Drew Fata - PP : Bryce Lampman - PK : Alex Pietrangelo, Joe Corvo
Penalty Shots
David Perron, Joe Pavelski, Travis Zajac, Nik Antropov, Sergei Shirokov
Scratches
Antti Miettinen (Healthy), Jake Gardiner (Separated Right Shoulder Injury)
Canadiens
5 vs 5 Forward
Center Left Wing Right Wing Time % Phy DF OF
1 Tomas Plekanec Patrick Sharp Devin Setoguchi 40 1 2 2
2 Dustin Boyd Greg Stewart Jonas Hoglund 30 1 2 2
3 Andrei Loktionov Evgeny Dadonov Jiri Tlusty 20 1 2 2
4 Martin Hanzal Brett Maclean Patrick Sharp 10 1 2 2
5 vs 5 Defense
Defense Defense Time % Phy DF OF
1 Dennis Wideman Ladislav Smid 40 1 2 2
2 Stephane Robidas Wade Redden 30 1 2 2
3 Jay McKee Matt Carle 20 1 2 2
4 Torey Krug Dennis Wideman 10 1 2 2
PowerPlay Forward
Center Left Wing Right Wing Time % Phy DF OF
1 Tomas Plekanec Patrick Sharp Devin Setoguchi 60 1 2 2
2 Dustin Boyd Greg Stewart Jonas Hoglund 40 1 2 2
PowerPlay Defense
Defense Defense Time % Phy DF OF
1 Dennis Wideman Ladislav Smid 60 1 2 2
2 Stephane Robidas Wade Redden 40 1 2 2
Penalty Kill 4 Players Forward
Center Wing Time % Phy DF OF
1 Patrick Sharp Greg Stewart 60 1 2 2
2 Tomas Plekanec Devin Setoguchi 40 1 2 2
Penalty Kill 4 Players Defense
Defense Defense Time % Phy DF OF
1 Dennis Wideman Ladislav Smid 60 1 2 2
2 Stephane Robidas Wade Redden 40 1 2 2
Penalty Kill - 3 Players Forward
Forward Time % Phy DF OF
1 Patrick Sharp 60 1 2 2
2 Greg Stewart 40 1 2 2
Penalty Kill - 3 Players Defense
Defense Defense Time % Phy DF OF
1 Dennis Wideman Ladislav Smid 60 1 2 2
2 Stephane Robidas Wade Redden 40 1 2 2
4 vs 4 Forward
Center Wing Time % Phy DF OF
1 Patrick Sharp Greg Stewart 60 1 2 2
2 Tomas Plekanec Devin Setoguchi 40 1 2 2
4 vs 4 Defense
Defense Defense Time % Phy DF OF
1 Dennis Wideman Ladislav Smid 60 1 2 2
2 Stephane Robidas Wade Redden 40 1 2 2
Last Minutes Offensive
Center Left Wing Right Wing Defense Defense
Tomas Plekanec Patrick Sharp Devin Setoguchi Dennis Wideman Ladislav Smid
Last Minutes Defensive
Center Left Wing Right Wing Defense Defense
Tomas Plekanec Patrick Sharp Devin Setoguchi Dennis Wideman Ladislav Smid
Goaltenders
Starting : Jonathan Bernier
Backup : Tobias Stephan
Extra Forwards
Normal : Andrei Loktionov, Evgeny Dadonov, Brett Maclean - PP : Andrei Loktionov, Evgeny Dadonov - PK : Brett Maclean
Extra Defensemen
Normal : Jay McKee, Matt Carle, Torey Krug - PP : Jay McKee - PK : Matt Carle, Torey Krug
Penalty Shots
Patrick Sharp, Greg Stewart, Tomas Plekanec, Devin Setoguchi, Jonas Hoglund
Scratches
Tobias Rieder (Healthy), Jon Merrill (Healthy)
% Time on Ice - Blues
Lines # - Real PCT - Wanted PCT - Time Play
Normal Forward
1 - 34% - 40% - 15:36
2 - 27% - 30% - 12:18
3 - 26% - 20% - 11:54
4 - 13% - 10% - 6:06
Normal Defense
1 - 41% - 40% - 18:53
2 - 30% - 30% - 13:40
3 - 24% - 20% - 10:51
4 - 5% - 10% - 2:30
PP Forward
1 - 69% - 60% - 5:54
2 - 31% - 40% - 2:39
PP Defense
1 - 69% - 60% - 5:52
2 - 31% - 40% - 2:41
PK Forward
1 - 85% - 60% - 4:13
2 - 15% - 40% - 0:46
PK Defense
1 - 55% - 60% - 2:43
2 - 45% - 40% - 2:16
PK3 Forward
1 - 0% - 60%
2 - 0% - 40%
PK3 Defense
1 - 0% - 60%
2 - 0% - 40%
44 Forward
1 - 75% - 60% - 1:25
2 - 25% - 40% - 0:29
44 Defense
1 - 76% - 60% - 1:27
2 - 24% - 40% - 0:27
Last Minute Offensive - 0:34
Last Minute Defensive - 0:00
Total
Forward - 61:54
Defense - 61:54
|
% Time on Ice - Canadiens
Lines # - Real PCT - Wanted PCT - Time Play
Normal Forward
1 - 29% - 40% - 13:29
2 - 31% - 30% - 14:27
3 - 26% - 20% - 12:02
4 - 13% - 10% - 5:55
Normal Defense
1 - 40% - 40% - 18:14
2 - 31% - 30% - 14:08
3 - 23% - 20% - 10:43
4 - 6% - 10% - 2:48
PP Forward
1 - 56% - 60% - 2:48
2 - 44% - 40% - 2:11
PP Defense
1 - 61% - 60% - 3:02
2 - 39% - 40% - 1:57
PK Forward
1 - 75% - 60% - 6:23
2 - 25% - 40% - 2:10
PK Defense
1 - 62% - 60% - 5:19
2 - 38% - 40% - 3:14
PK3 Forward
1 - 0% - 60%
2 - 0% - 40%
PK3 Defense
1 - 0% - 60%
2 - 0% - 40%
44 Forward
1 - 90% - 60% - 1:43
2 - 10% - 40% - 0:11
44 Defense
1 - 65% - 60% - 1:14
2 - 35% - 40% - 0:40
Last Minute Offensive - 0:00
Last Minute Defensive - 0:35
Total
Forward - 61:54
Defense - 61:54
|
Play by Play
1st period
0:01 of 1st period - Tomas Plekanec wins face-off versus Nicklas Backstrom in neutral zone.
0:04 of 1st period - Bryce Lampman is hit by Tomas Plekanec and loses puck.
0:13 of 1st period - Snap shot by Joe Pavelski.
0:13 of 1st period - Shot Blocked by Dennis Wideman.
0:15 of 1st period - Wrist shot by Alex Pietrangelo.
0:15 of 1st period - Deflect By Joe Pavelski.
0:15 of 1st period - Stopped by Jonathan Bernier without a rebound.
0:16 of 1st period - Dustin Boyd wins face-off versus Travis Zajac in Canadiens zone.
0:21 of 1st period - Sergei Shirokov is hit by Dustin Boyd and loses puck.
1:00 of 1st period - Minor Penalty to Jay McKee for Hooking.
1:01 of 1st period - Patrick Sharp wins face-off versus Nicklas Backstrom in Canadiens zone.
1:28 of 1st period - Bryce Lampman is hit by Ladislav Smid.
1:49 of 1st period - Slapshot by Stephane Robidas.
1:49 of 1st period - Deflect By Devin Setoguchi.
1:49 of 1st period - Shot Blocked by Joe Pavelski.
1:49 of 1st period - Puck is out of play.
1:50 of 1st period - Tomas Plekanec wins face-off versus Nicklas Backstrom in Blues zone.
3:00 of 1st period - Penalty to Jay McKee is over, Jay McKee is back on ice.
3:05 of 1st period - Off-side.
3:06 of 1st period - Kevin Porter wins face-off versus Andrei Loktionov in neutral zone.
3:21 of 1st period - Wrist shot by Paul Kariya.
3:21 of 1st period - Stopped by Jonathan Bernier without a rebound.
3:22 of 1st period - Tomas Plekanec wins face-off versus Nicklas Backstrom in Canadiens zone.
3:27 of 1st period - Nicklas Backstrom is hit by Tomas Plekanec and loses puck.
3:32 of 1st period - Snap shot by Patrick Sharp.
3:32 of 1st period - Stopped by Tuukka Rask with a rebound.
3:38 of 1st period - Wrist shot by Devin Setoguchi.
3:38 of 1st period - Stopped by Tuukka Rask without a rebound.
3:39 of 1st period - Taylor Hall wins face-off versus Dustin Boyd in Blues zone.
4:06 of 1st period - Bryce Lampman is hit by Patrick Sharp and loses puck.
4:17 of 1st period - Snap shot by Joe Pavelski.
4:17 of 1st period - Stopped by Jonathan Bernier without a rebound.
4:18 of 1st period - Travis Zajac wins face-off versus Patrick Sharp in Canadiens zone.
4:43 of 1st period - Drew Fata is hit by Jonas Hoglund and loses puck.
5:16 of 1st period - Wrist shot by Andrei Loktionov.
5:16 of 1st period - Deflect By Jiri Tlusty.
5:16 of 1st period - Shot Blocked by Alex Pietrangelo.
5:16 of 1st period - Puck is out of play.
5:17 of 1st period - Nicklas Backstrom wins face-off versus Tomas Plekanec in Blues zone.
5:19 of 1st period - Icing by Joe Pavelski.
5:20 of 1st period - Nicklas Backstrom wins face-off versus Tomas Plekanec in Blues zone.
6:03 of 1st period - Patrick Sharp is hit by Drew Stafford and loses puck.
6:18 of 1st period - Travis Zajac is hit by Dennis Wideman and loses puck.
6:25 of 1st period - Slapshot by Dustin Boyd.
6:25 of 1st period - Shot Misses the Net.
6:27 of 1st period - Snap shot by Jonas Hoglund.
6:27 of 1st period - Shot Hit the Post.
6:29 of 1st period - Wrist shot by Dustin Boyd.
6:29 of 1st period - Stopped by Tuukka Rask with a rebound.
7:05 of 1st period - Slapshot by Tomas Kopecky.
7:05 of 1st period - Shot Misses the Net.
7:21 of 1st period - Snap shot by Jiri Tlusty.
7:21 of 1st period - Shot Blocked by Cody Franson.
7:31 of 1st period - Snap shot by Nik Antropov.
7:31 of 1st period - Shot Blocked by Stephane Robidas.
7:49 of 1st period - Snap shot by Taylor Hall.
7:49 of 1st period - Shot Misses the Net.
7:55 of 1st period - Snap shot by Jonas Hoglund.
7:55 of 1st period - Stopped by Tuukka Rask without a rebound.
7:56 of 1st period - Tomas Plekanec wins face-off versus Nicklas Backstrom in Blues zone.
8:22 of 1st period - Matt Carle is hit by Sergei Shirokov and loses puck.
9:03 of 1st period - Wrist shot by Tomas Plekanec.
9:03 of 1st period - Deflect By Patrick Sharp.
9:03 of 1st period - Shot Misses the Net.
9:03 of 1st period - Puck is out of play.
9:04 of 1st period - Kevin Porter wins face-off versus Tomas Plekanec in Blues zone.
9:12 of 1st period - Off-side.
9:13 of 1st period - Dustin Boyd wins face-off versus Nicklas Backstrom in neutral zone.
9:48 of 1st period - Wrist shot by Tomas Kopecky.
9:48 of 1st period - Shot Misses the Net.
9:50 of 1st period - Slapshot by Bryce Lampman.
9:50 of 1st period - Shot Misses the Net.
9:52 of 1st period - Wrist shot by Bryce Lampman.
9:52 of 1st period - Stopped by Jonathan Bernier with a rebound.
10:08 of 1st period - Tomas Plekanec is hit by Travis Zajac and loses puck.
10:46 of 1st period - Slapshot by Nik Antropov.
10:46 of 1st period - Stopped by Jonathan Bernier with a rebound.
10:48 of 1st period - Snap shot by Cody Franson.
10:48 of 1st period - Shot Misses the Net.
10:50 of 1st period - Wrist shot by Taylor Pyatt.
10:50 of 1st period - Stopped by Jonathan Bernier without a rebound.
10:51 of 1st period - Nik Antropov wins face-off versus Tomas Plekanec in Canadiens zone.
11:06 of 1st period - Wrist shot by Taylor Pyatt.
11:06 of 1st period - Stopped by Jonathan Bernier with a rebound.
11:08 of 1st period - Snap shot by Drew Stafford.
11:08 of 1st period - Stopped by Jonathan Bernier with a rebound.
11:18 of 1st period - Wrist shot by Taylor Pyatt.
11:18 of 1st period - Stopped by Jonathan Bernier with a rebound.
11:20 of 1st period - Wrist shot by Taylor Pyatt.
11:20 of 1st period - Stopped by Jonathan Bernier with a rebound.
11:48 of 1st period - Wrist shot by Taylor Pyatt.
11:48 of 1st period - Stopped by Jonathan Bernier without a rebound.
11:49 of 1st period - Nicklas Backstrom wins face-off versus Dustin Boyd in Canadiens zone.
12:12 of 1st period - Minor Penalty to Dustin Boyd for Hooking.
12:13 of 1st period - Greg Stewart wins face-off versus David Perron in Canadiens zone.
14:12 of 1st period - Penalty to Dustin Boyd is over, Dustin Boyd is back on ice.
14:51 of 1st period - Alex Pietrangelo is hit by Jay McKee.
16:03 of 1st period - Snap shot by Taylor Pyatt.
16:03 of 1st period - Stopped by Jonathan Bernier with a rebound.
16:05 of 1st period - Snap shot by Drew Stafford.
16:05 of 1st period - Stopped by Jonathan Bernier with a rebound.
16:27 of 1st period - Taylor Hall is hit by Jonas Hoglund and loses puck.
16:50 of 1st period - Backhand shot by Paul Kariya.
16:50 of 1st period - Stopped by Jonathan Bernier with a rebound.
17:08 of 1st period - Wrist shot by Nicklas Backstrom.
17:08 of 1st period - Stopped by Jonathan Bernier without a rebound.
17:09 of 1st period - Andrei Loktionov wins face-off versus David Perron in Canadiens zone.
17:16 of 1st period - David Perron is hit by Evgeny Dadonov and loses puck.
17:31 of 1st period - Wrist shot by Greg Stewart.
17:31 of 1st period - Stopped by Tuukka Rask without a rebound.
17:32 of 1st period - Dustin Boyd wins face-off versus Travis Zajac in Blues zone.
17:33 of 1st period - Snap shot by Greg Stewart.
17:33 of 1st period - Stopped by Tuukka Rask without a rebound.
17:34 of 1st period - Dustin Boyd wins face-off versus Travis Zajac in Blues zone.
17:35 of 1st period - Wrist shot by Greg Stewart.
17:35 of 1st period - Shot Misses the Net.
18:13 of 1st period - Slapshot by Tomas Plekanec.
18:13 of 1st period - Stopped by Tuukka Rask without a rebound.
18:14 of 1st period - Nik Antropov wins face-off versus Tomas Plekanec in Blues zone.
18:38 of 1st period - Icing by Tomas Plekanec.
18:39 of 1st period - Nicklas Backstrom wins face-off versus Tomas Plekanec in Canadiens zone.
19:15 of 1st period - Wrist shot by Travis Zajac.
19:15 of 1st period - Stopped by Jonathan Bernier without a rebound.
19:16 of 1st period - Travis Zajac wins face-off versus Dustin Boyd in Canadiens zone.
Goals for this period are 0 for Blues vs 0 for Canadiens.
Shots for this period are 16 for Blues vs 7 for Canadiens.
2nd period
0:01 of 2nd period - Tomas Plekanec wins face-off versus Joe Pavelski in neutral zone.
0:04 of 2nd period - Wrist shot by Dennis Wideman.
0:04 of 2nd period - Shot Misses the Net.
0:09 of 2nd period - Off-side.
0:10 of 2nd period - Nicklas Backstrom wins face-off versus Tomas Plekanec in neutral zone.
0:14 of 2nd period - Off-side.
0:15 of 2nd period - Tomas Plekanec wins face-off versus Nicklas Backstrom in neutral zone.
1:07 of 2nd period - Wrist shot by Andrei Loktionov.
1:07 of 2nd period - Shot Misses the Net.
1:09 of 2nd period - Snap shot by Stephane Robidas.
1:09 of 2nd period - Stopped by Tuukka Rask without a rebound.
1:10 of 2nd period - Andrei Loktionov wins face-off versus Taylor Pyatt in Blues zone.
1:18 of 2nd period - Minor Penalty to Nik Antropov for Hooking.
1:19 of 2nd period - Tomas Plekanec wins face-off versus Nicklas Backstrom in Blues zone.
3:18 of 2nd period - Penalty to Nik Antropov is over, Nik Antropov is back on ice.
3:20 of 2nd period - Kevin Porter is hit by Ladislav Smid and loses puck.
3:45 of 2nd period - Andrei Loktionov is hit by Nicklas Backstrom and loses puck.
4:36 of 2nd period - Dennis Wideman is hit by Christian Ehrhoff and loses puck.
5:21 of 2nd period - Joe Corvo is hit by Tomas Plekanec and loses puck.
5:32 of 2nd period - Ladislav Smid is hit by Sergei Shirokov and loses puck.
7:17 of 2nd period - Jay McKee is hit by Drew Stafford.
7:37 of 2nd period - Jiri Tlusty is hit by Bryce Lampman and loses puck.
8:04 of 2nd period - Tomas Plekanec is hit by Sergei Shirokov and loses puck.
8:27 of 2nd period - Snap shot by Nicklas Backstrom.
8:27 of 2nd period - Shot Misses the Net.
8:29 of 2nd period - Slapshot by Christian Ehrhoff.
8:29 of 2nd period - Deflect By Greg Stewart.
8:29 of 2nd period - Stopped by Jonathan Bernier with a rebound.
10:11 of 2nd period - Ladislav Smid is hit by Sergei Shirokov and loses puck.
11:03 of 2nd period - Snap shot by Tomas Kopecky.
11:03 of 2nd period - Stopped by Jonathan Bernier with a rebound.
11:33 of 2nd period - Icing by Joe Pavelski.
11:34 of 2nd period - Tomas Plekanec wins face-off versus Nicklas Backstrom in Blues zone.
12:48 of 2nd period - Wrist shot by Sergei Shirokov.
12:48 of 2nd period - Stopped by Jonathan Bernier without a rebound.
12:49 of 2nd period - Travis Zajac wins face-off versus Dustin Boyd in Canadiens zone.
12:52 of 2nd period - Slapshot by Travis Zajac.
12:52 of 2nd period - Shot Misses the Net.
13:24 of 2nd period - Snap shot by Evgeny Dadonov.
13:24 of 2nd period - Shot Blocked by Taylor Hall.
13:26 of 2nd period - Snap shot by Jiri Tlusty.
13:26 of 2nd period - Stopped by Tuukka Rask without a rebound.
13:27 of 2nd period - Nik Antropov wins face-off versus Tomas Plekanec in Blues zone.
14:31 of 2nd period - Wrist shot by Martin Hanzal.
14:31 of 2nd period - Stopped by Tuukka Rask with a rebound.
14:33 of 2nd period - Slapshot by Matt Carle.
14:33 of 2nd period - Deflect By Patrick Sharp.
14:33 of 2nd period - Shot Misses the Net.
14:33 of 2nd period - Puck is out of play.
14:34 of 2nd period - Travis Zajac wins face-off versus Martin Hanzal in Blues zone.
14:41 of 2nd period - Slapshot by Patrick Sharp.
14:41 of 2nd period - Shot Misses the Net.
15:08 of 2nd period - Slapshot by Joe Pavelski.
15:08 of 2nd period - Shot Blocked by Jonas Hoglund.
15:10 of 2nd period - Slapshot by Cody Franson.
15:10 of 2nd period - Stopped by Jonathan Bernier with a rebound.
15:32 of 2nd period - Snap shot by Andrei Loktionov.
15:32 of 2nd period - Shot Misses the Net.
16:19 of 2nd period - Slapshot by Alex Pietrangelo.
16:19 of 2nd period - Stopped by Jonathan Bernier without a rebound.
16:20 of 2nd period - Dustin Boyd wins face-off versus Nicklas Backstrom in Canadiens zone.
16:49 of 2nd period - Travis Zajac is hit by Patrick Sharp and loses puck.
16:54 of 2nd period - Snap shot by Patrick Sharp.
16:54 of 2nd period - Shot Misses the Net.
17:01 of 2nd period - Icing by Sergei Shirokov.
17:02 of 2nd period - Andrei Loktionov wins face-off versus Travis Zajac in Blues zone.
17:03 of 2nd period - Backhand shot by Evgeny Dadonov.
17:03 of 2nd period - Shot Blocked by Sergei Shirokov.
17:05 of 2nd period - Wrist shot by Greg Stewart.
17:05 of 2nd period - Deflect By Alex Pietrangelo.
17:05 of 2nd period - Goal by Greg Stewart - Blues : 0 - Canadiens : 1.
17:06 of 2nd period - Nicklas Backstrom wins face-off versus Tomas Plekanec in neutral zone.
17:17 of 2nd period - Snap shot by Joe Pavelski.
17:17 of 2nd period - Stopped by Jonathan Bernier without a rebound.
17:18 of 2nd period - Tomas Plekanec wins face-off versus Nicklas Backstrom in Canadiens zone.
17:25 of 2nd period - Wrist shot by Alex Pietrangelo.
17:25 of 2nd period - Stopped by Jonathan Bernier without a rebound.
17:26 of 2nd period - Tomas Plekanec wins face-off versus Joe Pavelski in Canadiens zone.
17:39 of 2nd period - Snap shot by David Perron.
17:39 of 2nd period - Shot Misses the Net.
17:41 of 2nd period - Wrist shot by Joe Pavelski.
17:41 of 2nd period - Stopped by Jonathan Bernier with a rebound.
17:43 of 2nd period - Snap shot by David Perron.
17:43 of 2nd period - Stopped by Jonathan Bernier without a rebound.
17:44 of 2nd period - Dustin Boyd wins face-off versus Travis Zajac in Canadiens zone.
18:08 of 2nd period - Icing by Ladislav Smid.
18:09 of 2nd period - Tomas Plekanec wins face-off versus Nicklas Backstrom in Canadiens zone.
18:22 of 2nd period - Snap shot by Devin Setoguchi.
18:22 of 2nd period - Shot Misses the Net.
18:24 of 2nd period - Slapshot by Dennis Wideman.
18:24 of 2nd period - Shot Misses the Net.
18:40 of 2nd period - Snap shot by Sergei Shirokov.
18:40 of 2nd period - Stopped by Jonathan Bernier with a rebound.
18:42 of 2nd period - Slapshot by Bryce Lampman.
18:42 of 2nd period - Shot Hit the Post.
18:54 of 2nd period - Minor Penalty to Dustin Boyd for Holding.
18:55 of 2nd period - Nicklas Backstrom wins face-off versus Patrick Sharp in Canadiens zone.
Goals for this period are 0 for Blues vs 1 for Canadiens.
Shots for this period are 10 for Blues vs 4 for Canadiens.
3rd period
0:01 of 3rd period - David Perron wins face-off versus Patrick Sharp in neutral zone.
0:06 of 3rd period - Slapshot by Alex Pietrangelo.
0:06 of 3rd period - Shot Misses the Net.
0:54 of 3rd period - Penalty to Dustin Boyd is over, Dustin Boyd is back on ice.
1:02 of 3rd period - Wrist shot by Evgeny Dadonov.
1:02 of 3rd period - Shot Misses the Net.
1:04 of 3rd period - Snap shot by Andrei Loktionov.
1:04 of 3rd period - Shot Misses the Net.
1:06 of 3rd period - Slapshot by Andrei Loktionov.
1:06 of 3rd period - Goal by Andrei Loktionov - Blues : 0 - Canadiens : 2.
1:07 of 3rd period - Tomas Plekanec wins face-off versus David Perron in neutral zone.
1:14 of 3rd period - Snap shot by Tomas Plekanec.
1:14 of 3rd period - Shot Misses the Net.
1:30 of 3rd period - Minor Penalty to Jonas Hoglund for Hooking.
1:31 of 3rd period - Nicklas Backstrom wins face-off versus Patrick Sharp in Canadiens zone.
1:40 of 3rd period - Slapshot by Dennis Wideman.
1:40 of 3rd period - Shot Blocked by Joe Pavelski.
1:43 of 3rd period - Icing by Bryce Lampman.
1:44 of 3rd period - Nicklas Backstrom wins face-off versus Patrick Sharp in Blues zone.
1:49 of 3rd period - Patrick Sharp is hit by Nicklas Backstrom and loses puck.
1:56 of 3rd period - Wrist shot by Nicklas Backstrom.
1:56 of 3rd period - Shot Blocked by Ladislav Smid.
1:58 of 3rd period - Snap shot by Alex Pietrangelo.
1:58 of 3rd period - Deflect By Joe Pavelski.
1:58 of 3rd period - Goal by Joe Pavelski - Blues : 1 - Canadiens : 2.
1:59 of 3rd period - Nicklas Backstrom wins face-off versus Tomas Plekanec in neutral zone.
2:22 of 3rd period - Icing by Ladislav Smid.
2:23 of 3rd period - Tomas Plekanec wins face-off versus Travis Zajac in Canadiens zone.
2:50 of 3rd period - Snap shot by Drew Stafford.
2:50 of 3rd period - Stopped by Jonathan Bernier with a rebound.
2:52 of 3rd period - Wrist shot by Nik Antropov.
2:52 of 3rd period - Shot Misses the Net.
2:54 of 3rd period - Wrist shot by Drew Stafford.
2:54 of 3rd period - Shot Misses the Net.
2:56 of 3rd period - Wrist shot by Nik Antropov.
2:56 of 3rd period - Goal by Nik Antropov - Blues : 2 - Canadiens : 2.
2:57 of 3rd period - Nicklas Backstrom wins face-off versus Tomas Plekanec in neutral zone.
3:01 of 3rd period - Minor Penalty to Patrick Sharp for Hooking.
3:02 of 3rd period - Nicklas Backstrom wins face-off versus Brett Maclean in Canadiens zone.
5:01 of 3rd period - Penalty to Patrick Sharp is over, Patrick Sharp is back on ice.
5:33 of 3rd period - Wrist shot by Nicklas Backstrom.
5:33 of 3rd period - Stopped by Jonathan Bernier with a rebound.
5:35 of 3rd period - Slapshot by Bryce Lampman.
5:35 of 3rd period - Shot Blocked by Dennis Wideman.
5:37 of 3rd period - Snap shot by Bryce Lampman.
5:37 of 3rd period - Stopped by Jonathan Bernier without a rebound.
5:38 of 3rd period - Andrei Loktionov wins face-off versus Travis Zajac in Canadiens zone.
6:05 of 3rd period - Minor Penalty to Drew Stafford for High sticking.
6:06 of 3rd period - Nik Antropov wins face-off versus Tomas Plekanec in Blues zone.
7:48 of 3rd period - Ladislav Smid is hit by Bryce Lampman and loses puck.
8:05 of 3rd period - Penalty to Drew Stafford is over, Drew Stafford is back on ice.
8:14 of 3rd period - Tomas Kopecky is hit by Evgeny Dadonov and loses puck.
8:23 of 3rd period - Nik Antropov is hit by Jay McKee and loses puck.
9:19 of 3rd period - Minor Penalty to Nik Antropov for Tripping.
9:20 of 3rd period - Tomas Plekanec wins face-off versus Nicklas Backstrom in Blues zone.
9:52 of 3rd period - Slapshot by Ladislav Smid.
9:52 of 3rd period - Shot Misses the Net.
9:54 of 3rd period - Snap shot by Greg Stewart.
9:54 of 3rd period - Deflect By Dustin Boyd.
9:54 of 3rd period - Shot Blocked by Christian Ehrhoff.
9:54 of 3rd period - Puck is out of play.
9:55 of 3rd period - Nicklas Backstrom wins face-off versus Tomas Plekanec in Blues zone.
10:20 of 3rd period - Wrist shot by Greg Stewart.
10:20 of 3rd period - Goal by Greg Stewart - Blues : 2 - Canadiens : 3.
10:21 of 3rd period - Patrick Sharp wins face-off versus Nicklas Backstrom in neutral zone.
10:26 of 3rd period - Snap shot by Nicklas Backstrom.
10:26 of 3rd period - Stopped by Jonathan Bernier without a rebound.
10:27 of 3rd period - Tomas Plekanec wins face-off versus Nicklas Backstrom in Canadiens zone.
10:27 of 3rd period - Tomas Plekanec is hit by David Perron.
10:59 of 3rd period - Wrist shot by Greg Stewart.
10:59 of 3rd period - Shot Blocked by Alex Pietrangelo.
11:03 of 3rd period - Wrist shot by Greg Stewart.
11:03 of 3rd period - Stopped by Tuukka Rask with a rebound.
11:12 of 3rd period - Off-side.
11:13 of 3rd period - Nik Antropov wins face-off versus Andrei Loktionov in neutral zone.
11:16 of 3rd period - Slapshot by Drew Fata.
11:16 of 3rd period - Shot Misses the Net.
11:40 of 3rd period - Drew Stafford is hit by Greg Stewart and loses puck.
11:47 of 3rd period - Wrist shot by Dustin Boyd.
11:47 of 3rd period - Stopped by Tuukka Rask without a rebound.
11:48 of 3rd period - Nicklas Backstrom wins face-off versus Tomas Plekanec in Blues zone.
12:13 of 3rd period - Sergei Shirokov is hit by Greg Stewart and loses puck.
12:39 of 3rd period - Kevin Porter is hit by Andrei Loktionov and loses puck.
13:04 of 3rd period - Snap shot by Patrick Sharp.
13:04 of 3rd period - Shot Misses the Net.
13:16 of 3rd period - Slapshot by Matt Carle.
13:16 of 3rd period - Stopped by Tuukka Rask without a rebound.
13:17 of 3rd period - Joe Pavelski wins face-off versus Dustin Boyd in Blues zone.
13:53 of 3rd period - Snap shot by Andrei Loktionov.
13:53 of 3rd period - Shot Blocked by Joe Corvo.
14:47 of 3rd period - Slapshot by Taylor Hall.
14:47 of 3rd period - Stopped by Jonathan Bernier without a rebound.
14:48 of 3rd period - Travis Zajac wins face-off versus Andrei Loktionov in Canadiens zone.
14:55 of 3rd period - Snap shot by Evgeny Dadonov.
14:55 of 3rd period - Shot Blocked by Sergei Shirokov.
15:44 of 3rd period - Backhand shot by Alex Pietrangelo.
15:44 of 3rd period - Stopped by Jonathan Bernier without a rebound.
15:45 of 3rd period - Nicklas Backstrom wins face-off versus Andrei Loktionov in Canadiens zone.
16:21 of 3rd period - Wrist shot by Nik Antropov.
16:21 of 3rd period - Shot Misses the Net.
16:23 of 3rd period - Snap shot by Bryce Lampman.
16:23 of 3rd period - Shot Hit the Post.
16:25 of 3rd period - Slapshot by Alex Pietrangelo.
16:25 of 3rd period - Shot Blocked by Tomas Plekanec.
16:45 of 3rd period - Wrist shot by Taylor Hall.
16:45 of 3rd period - Stopped by Jonathan Bernier without a rebound.
16:46 of 3rd period - Evgeny Dadonov wins face-off versus Nik Antropov in Canadiens zone.
16:51 of 3rd period - Snap shot by Evgeny Dadonov.
16:51 of 3rd period - Shot Blocked by Nik Antropov.
16:53 of 3rd period - Wrist shot by Andrei Loktionov.
16:53 of 3rd period - Deflect By Evgeny Dadonov.
16:53 of 3rd period - Shot Blocked by Cody Franson.
16:53 of 3rd period - Puck is out of play.
16:54 of 3rd period - Andrei Loktionov wins face-off versus Nik Antropov in Blues zone.
17:01 of 3rd period - Wrist shot by Jiri Tlusty.
17:01 of 3rd period - Shot Blocked by Drew Stafford.
17:03 of 3rd period - Snap shot by Andrei Loktionov.
17:03 of 3rd period - Stopped by Tuukka Rask without a rebound.
17:04 of 3rd period - Nik Antropov wins face-off versus Tomas Plekanec in Blues zone.
17:10 of 3rd period - Icing by Tomas Plekanec.
17:11 of 3rd period - Nik Antropov wins face-off versus Tomas Plekanec in Canadiens zone.
18:49 of 3rd period - Sergei Shirokov is hit by Matt Carle.
18:53 of 3rd period - Snap shot by Dustin Boyd.
18:53 of 3rd period - Deflect By Taylor Hall.
18:53 of 3rd period - Stopped by Tuukka Rask with a rebound.
19:05 of 3rd period - Snap shot by Tomas Plekanec.
19:05 of 3rd period - Stopped by Tuukka Rask without a rebound.
19:06 of 3rd period - Claude Julien call a timeout for Blues.
19:06 of 3rd period - Tomas Plekanec wins face-off versus Nicklas Backstrom in Blues zone.
19:07 of 3rd period - Snap shot by Patrick Sharp.
19:07 of 3rd period - Stopped by Tuukka Rask without a rebound.
19:08 of 3rd period - Nicklas Backstrom wins face-off versus Tomas Plekanec in Blues zone.
19:08 of 3rd period - Nicklas Backstrom is hit by Tomas Plekanec.
19:20 of 3rd period - Slapshot by Tomas Plekanec.
19:20 of 3rd period - Shot Blocked by Christian Ehrhoff.
19:31 of 3rd period - Minor Penalty to Dennis Wideman for Cross-checking.
19:32 of 3rd period - Patrick Sharp wins face-off versus Nicklas Backstrom in Canadiens zone.
19:40 of 3rd period - Blues, Tuukka Rask is pulled from the net.
19:40 of 3rd period - Slapshot by Bryce Lampman.
19:40 of 3rd period - Goal by Bryce Lampman - Blues : 3 - Canadiens : 3.
19:40 of 3rd period - Tuukka Rask from Blues was sent back in the game.
19:41 of 3rd period - Nik Antropov wins face-off versus Andrei Loktionov in neutral zone.
Goals for this period are 3 for Blues vs 2 for Canadiens.
Shots for this period are 10 for Blues vs 9 for Canadiens.
Overtime #1
0:01 of 1st overtime period - Patrick Sharp wins face-off versus Travis Zajac in neutral zone.
0:04 of 1st overtime period - Bryce Lampman is hit by Greg Stewart and loses puck.
0:41 of 1st overtime period - Snap shot by Travis Zajac.
0:41 of 1st overtime period - Stopped by Jonathan Bernier without a rebound.
0:42 of 1st overtime period - Sergei Shirokov wins face-off versus Andrei Loktionov in Canadiens zone.
0:43 of 1st overtime period - Snap shot by Tomas Kopecky.
0:43 of 1st overtime period - Shot Misses the Net.
1:07 of 1st overtime period - Travis Zajac is hit by Greg Stewart and loses puck.
1:31 of 1st overtime period - Slapshot by Greg Stewart.
1:31 of 1st overtime period - Shot Misses the Net.
1:38 of 1st overtime period - Icing by Nicklas Backstrom.
1:39 of 1st overtime period - Nicklas Backstrom wins face-off versus Patrick Sharp in Blues zone.
1:54 of 1st overtime period - Wrist shot by Nicklas Backstrom.
1:54 of 1st overtime period - Goal by Nicklas Backstrom - Blues : 4 - Canadiens : 3.
Goals for this period are 1 for Blues vs 0 for Canadiens.
Shots for this period are 2 for Blues vs 0 for Canadiens.
Back to the Top